HBL
PORTLAND STAG @ NEW ORLEANS BRASS
04/08/1997
 
TOP OF THE 1ST
Portland Stag batting - Pitching for New Orleans Brass : RHP Paul Wagner
Pitching: RHP Paul Wagner
Batting: RHB Fernando Tatis 0-0: Foul Ball, location: 2F
0-1: Foul Ball, location: 2F
0-2: Ball
1-2: Ball
2-2: Foul Ball, location: 2F
2-2: Ball
3-2: Foul Ball, location: 2F
3-2: SINGLE (Flyball, 8LS, EV 86.9 MPH)
Batting: RHB Wes Chamberlain 0-0: Foul Ball, location: 2F
0-1: Fly out, F9 (Flyball, 9S, EV 96.9 MPH)
Batting: RHB Jeff Kunkel 0-0: Called Strike
0-1: Ball
1-1: Ball
2-1: Called Strike
2-2: Strikes out looking
Batting: LHB Mark P Johnson 0-0: Ball
Fernando Tatis is caught stealing 2nd base 2-6
Top of the 1st over - 0 runs, 1 hit, 0 errors, 0 left on base; Portland 0 - New Orleans 0
BOTTOM OF THE 1ST
New Orleans Brass batting - Pitching for Portland Stag : RHP Dave Burba
Pitching: RHP Dave Burba
Batting: SHB Cecil Espy 0-0: Ball
1-0: Ball
2-0: Ball
3-0: Base on Balls
Batting: SHB Ruben Sierra 0-0: Ball
1-0: Swinging Strike
1-1: Fly out, F5 (Popup, 5F, EV 61.9 MPH)
Batting: RHB Scott Brosius 0-0: Foul Ball, location: 2F
0-1: Ball
1-1: Ball
2-1: Fly out, F8 (Flyball, 8LM, EV 92.5 MPH)
Batting: SHB Jose L Cruz 0-0: Ball
1-0: Foul Ball, location: 2F
1-1: Foul Ball, location: 2F
1-2: Ball
2-2: Foul Ball, location: 2F
2-2: Ball
3-2: Fly out, F8 (Line Drive, 8RM, EV 90.6 MPH)
Bottom of the 1st over - 0 runs, 0 hits, 0 errors, 1 left on base; Portland 0 - New Orleans 0
TOP OF THE 2ND
Portland Stag batting - Pitching for New Orleans Brass : RHP Paul Wagner
Batting: LHB Mark P Johnson 0-0: Called Strike
0-1: Ball
1-1: Foul Ball, location: 2F
1-2: Ball
2-2: Reached on error, E3 (Groundball, 3, EV 88.1 MPH)
Batting: RHB Mike Macfarlane 0-0: SINGLE (Popup, 6D, EV 48.8 MPH)
Mark P Johnson to second
Batting: RHB Mike Mordecai 0-0: Ball
1-0: Ball
2-0: Called Strike
2-1: Called Strike
2-2: Strikes out swinging
Batting: RHB Chris Widger 0-0: Ball
1-0: Fly out, F8 (Line Drive, 8RM, EV 90.6 MPH)
Batting: RHB Alex S Gonzalez 0-0: Ball
1-0: Called Strike
1-1: Foul Ball, location: 2F
1-2: Ball
2-2: Fly out, F9 (Line Drive, 9, EV 100.0 MPH)
Top of the 2nd over - 0 runs, 1 hit, 1 error, 2 left on base; Portland 0 - New Orleans 0
BOTTOM OF THE 2ND
New Orleans Brass batting - Pitching for Portland Stag : RHP Dave Burba
Batting: RHB Carmelo Martinez 0-0: Ball
1-0: Ball
2-0: Ball
3-0: Base on Balls
Batting: SHB Jose Vidro 0-0: Fielders Choice at 2nd, 6-4 (Groundball, 6, EV 103.1 MPH)
Batting: RHB Joe Oliver 0-0: Foul Ball, location: 2F
0-1: Ball
1-1: Foul Ball, location: 2F
1-2: Foul Ball, location: 2F
1-2: Fly out, F8 (Line Drive, 8LD, EV 99.4 MPH)
Batting: SHB Wilson Delgado 0-0: Ball
1-0: Swinging Strike
1-1: Fly out, F7 (Line Drive, 7D, EV 83.8 MPH)
Bottom of the 2nd over - 0 runs, 0 hits, 0 errors, 1 left on base; Portland 0 - New Orleans 0
TOP OF THE 3RD
Portland Stag batting - Pitching for New Orleans Brass : RHP Paul Wagner
Batting: LHB Yoshinobu Takahashi 0-0: Foul Ball, location: 2F
0-1: Fly out, F9 (Flyball, 9D, EV 96.3 MPH)
Batting: RHB Fernando Tatis 0-0: Called Strike
0-1: Ball
1-1: Swinging Strike
1-2: Ball
2-2: Ball
3-2: Foul Ball, location: 2F
3-2: Strikes out swinging
Batting: RHB Wes Chamberlain 0-0: Ball
1-0: Foul Ball, location: 2F
1-1: Foul Ball, location: 2F
1-2: Strikes out swinging
Top of the 3rd over - 0 runs, 0 hits, 0 errors, 0 left on base; Portland 0 - New Orleans 0
BOTTOM OF THE 3RD
New Orleans Brass batting - Pitching for Portland Stag : RHP Dave Burba
Batting: RHB Luis Ordaz 0-0: Ball
1-0: Foul Ball, location: 2F
1-1: Ball
2-1: SINGLE (Line Drive, 3L, EV 97.5 MPH)
Batting: SHB Cecil Espy 0-0: Ball
1-0: Fly out, F7 (Flyball, 7, EV 89.4 MPH)
Batting: SHB Ruben Sierra 0-0: Called Strike
0-1: Foul Ball, location: 2F
0-2: Strikes out looking
Batting: RHB Scott Brosius 0-0: Ball
Wild Pitch!
Luis Ordaz to second
1-0: Swinging Strike
1-1: Ball
2-1: SINGLE (Flyball, 78S, EV 93.1 MPH) - OUT at second base trying to stretch hit.
Luis Ordaz scores
Bottom of the 3rd over - 1 run, 2 hits, 0 errors, 0 left on base; Portland 0 - New Orleans 1
TOP OF THE 4TH
Portland Stag batting - Pitching for New Orleans Brass : RHP Paul Wagner
Batting: RHB Jeff Kunkel 0-0: Ball
1-0: Ball
2-0: Called Strike
2-1: Ball
3-1: Foul Ball, location: 2F
3-2: Base on Balls
Batting: LHB Mark P Johnson 0-0: Called Strike
0-1: Ball
1-1: Ball
2-1: Foul Ball, location: 2F
2-2: SINGLE (Line Drive, 7S, EV 109.4 MPH)
Jeff Kunkel to second
Batting: RHB Mike Macfarlane 0-0: Ball
1-0: Foul Ball, location: 2F
1-1: Swinging Strike
1-2: Strikes out swinging
Batting: RHB Mike Mordecai 0-0: Fly out, F8 (Flyball, 89D, EV 91.3 MPH)
Runner from 2nd tags up, SAFE at 3rd, no throw by CF
Batting: RHB Chris Widger 0-0: Called Strike
0-1: Ball
1-1: Foul Ball, location: 2F
1-2: Foul Ball, location: 2F
1-2: SINGLE (Line Drive, 8RS, EV 101.3 MPH)
Jeff Kunkel scores
Mark P Johnson to second
Batting: RHB Alex S Gonzalez 0-0: Called Strike
0-1: Ball
1-1: SINGLE (Groundball, 34D, EV 95.6 MPH)
Mark P Johnson to third
Chris Widger to second
Runner from 3rd tries for Home, SAFE, throw by RF to home
Batting: LHB Yoshinobu Takahashi 0-0: Ball
1-0: Ball
2-0: Foul Ball, location: 2F
2-1: Foul Ball, location: 2F
2-2: SINGLE (Groundball, 6D, EV 93.8 MPH)
Chris Widger to third
Alex S Gonzalez to second
Runner from 3rd tries for Home, SAFE, throw by LF to home
Batting: RHB Fernando Tatis 0-0: Fly out, F7 (Flyball, 7LMF, EV 91.3 MPH)
Top of the 4th over - 3 runs, 4 hits, 0 errors, 2 left on base; Portland 3 - New Orleans 1
BOTTOM OF THE 4TH
New Orleans Brass batting - Pitching for Portland Stag : RHP Dave Burba
Batting: SHB Jose L Cruz 0-0: Called Strike
0-1: Ball
1-1: SINGLE (Line Drive, 78M, EV 99.4 MPH)
Batting: RHB Carmelo Martinez 0-0: Ball
1-0: Foul Ball, location: 2F
1-1: Grounds into double play, 6-4-3 (Groundball, 6, EV 90.6 MPH)
Batting: SHB Jose Vidro 0-0: Called Strike
0-1: Ground out 6-3 (Groundball, 56D, EV 103.1 MPH)
Bottom of the 4th over - 0 runs, 1 hit, 0 errors, 0 left on base; Portland 3 - New Orleans 1
TOP OF THE 5TH
Portland Stag batting - Pitching for New Orleans Brass : RHP Paul Wagner
Batting: RHB Wes Chamberlain 0-0: Called Strike
0-1: Ball
1-1: Ball
2-1: Swinging Strike
2-2: Fly out, F8 (Flyball, 8LM, EV 91.9 MPH)
Batting: RHB Jeff Kunkel 0-0: Ball
1-0: Ball
2-0: Ball
3-0: Called Strike
3-1: Foul Ball, location: 2F
3-2: Strikes out swinging
Batting: LHB Mark P Johnson 0-0: Swinging Strike
0-1: Ball
1-1: Fly out, F8 (Line Drive, 8LD, EV 108.1 MPH)
Top of the 5th over - 0 runs, 0 hits, 0 errors, 0 left on base; Portland 3 - New Orleans 1
BOTTOM OF THE 5TH
New Orleans Brass batting - Pitching for Portland Stag : RHP Dave Burba
Batting: RHB Joe Oliver 0-0: Called Strike
0-1: Fly out, F7 (Line Drive, 7, EV 110.0 MPH)
Batting: SHB Wilson Delgado 0-0: Fly out, F7 (Flyball, 78XD, EV 111.9 MPH)
Batting: RHB Luis Ordaz 0-0: Called Strike
0-1: Foul Ball, location: 2F
0-2: Ball
1-2: Ball
2-2: Strikes out swinging
Bottom of the 5th over - 0 runs, 0 hits, 0 errors, 0 left on base; Portland 3 - New Orleans 1
TOP OF THE 6TH
Portland Stag batting - Pitching for New Orleans Brass : RHP Paul Wagner
Pitching: RHP Gar Finnvold
Batting: RHB Mike Macfarlane 0-0: SINGLE (Groundball, 4D, EV 97.5 MPH)
Batting: RHB Mike Mordecai 0-0: Swinging Strike
0-1: Bunt missed!
0-2: Ball
1-2: Ball
2-2: Ball
3-2: Base on Balls
Mike Macfarlane to second
Batting: RHB Chris Widger 0-0: Called Strike
0-1: Ball
1-1: SINGLE (Groundball, 6MD, EV 94.4 MPH)
Mike Macfarlane to third
Mike Mordecai to second
Runner from 3rd tries for Home, SAFE, no throw by CF
Batting: RHB Alex S Gonzalez 0-0: Bunted foul
0-1: Ball
1-1: Ball
2-1: Ball
3-1: Sac Bunt to 5S - play at first, batter OUT! 5-4
Mike Mordecai to third
Chris Widger to second
Batting: LHB Yoshinobu Takahashi 0-0: Ball
1-0: Foul Ball, location: 2F
1-1: SINGLE (Flyball, 34D, EV 95.6 MPH)
Mike Mordecai scores
Chris Widger to third
Batting: RHB Fernando Tatis 0-0: Called Strike
0-1: Ball
1-1: Fly out, F8 (Flyball, 8RS, EV 88.8 MPH)
Runner from 3rd tags up, SCORES, no throw by CF
Batting: RHB Wes Chamberlain 0-0: Ball
1-0: Foul Ball, location: 2F
1-1: Reached on error, E6 (Groundball, 6, EV 101.3 MPH)
Yoshinobu Takahashi to second
Batting: RHB Jeff Kunkel 0-0: Fielders Choice at 2nd, 6-4 (Groundball, 6, EV 95.6 MPH)
Top of the 6th over - 3 runs, 3 hits, 1 error, 2 left on base; Portland 6 - New Orleans 1
BOTTOM OF THE 6TH
New Orleans Brass batting - Pitching for Portland Stag : RHP Dave Burba
Batting: SHB Cecil Espy 0-0: Ball
1-0: Ball
2-0: Ball
3-0: Base on Balls
Batting: SHB Ruben Sierra 0-0: Called Strike
0-1: Ball
1-1: Ball
2-1: Foul Ball, location: 2F
2-2: Ball
Wild Pitch!
Cecil Espy to second
3-2: Fly out, F8 (Flyball, 78D, EV 108.8 MPH)
Batting: RHB Scott Brosius 0-0: Ball
1-0: Ground out 5-3 (Groundball, 56, EV 81.9 MPH)
Batting: SHB Jose L Cruz 0-0: Called Strike
0-1: Foul Ball, location: 2F
0-2: Strikes out looking
Bottom of the 6th over - 0 runs, 0 hits, 0 errors, 1 left on base; Portland 6 - New Orleans 1
TOP OF THE 7TH
Portland Stag batting - Pitching for New Orleans Brass : RHP Gar Finnvold
Batting: LHB Mark P Johnson 0-0: Called Strike
0-1: Ball
1-1: SINGLE (Groundball, 4MD, EV 103.8 MPH)
Pitching: RHP Jose Paniagua
Batting: RHB Mike Macfarlane 0-0: Hit by Pitch
Mark P Johnson to second
Batting: RHB Mike Mordecai 0-0: Sac Bunt to 15S - play at first, batter OUT! 1-3
Mark P Johnson to third
Mike Macfarlane to second
Batting: RHB Chris Widger 0-0: Ball
1-0: Fly out, F6 (Popup, 6MD, EV 57.5 MPH)
Batting: RHB Alex S Gonzalez 0-0: Foul Ball, location: 2F
0-1: Called Strike
0-2: Ball
1-2: Ball
2-2: DOUBLE (Line Drive, 89D, EV 114.4 MPH)
Mark P Johnson scores
Mike Macfarlane scores
Batting: LHB Yoshinobu Takahashi 0-0: Ball
1-0: Called Strike
1-1: SINGLE (Groundball, 6D, EV 96.9 MPH)
Alex S Gonzalez to third
Runner from 3rd tries for Home, SAFE, throw by CF to home
Pinch Hitting: RHB Kevin Morgan 0-0: Ball
1-0: Foul Ball, location: 2F
1-1: Foul Ball, location: 2F
1-2: SINGLE (Flyball, 7S, EV 84.4 MPH)
Yoshinobu Takahashi to second
Batting: RHB Wes Chamberlain 0-0: SINGLE (Groundball, 34D, EV 95.0 MPH)
Yoshinobu Takahashi to third
Kevin Morgan to second
Runner from 3rd tries for Home, SAFE, no throw by RF
Batting: RHB Jeff Kunkel 0-0: Ball
1-0: Ball
2-0: Called Strike
2-1: SINGLE (Groundball, 4MD, EV 101.9 MPH)
Kevin Morgan to third
Wes Chamberlain to second
Batting: LHB Mark P Johnson 0-0: Ball
1-0: Ball
2-0: Ball
3-0: Called Strike
3-1: Base on Balls
Kevin Morgan scores
Wes Chamberlain to third
Jeff Kunkel to second
Pitching: RHP Cris Carpenter
Batting: RHB Mike Macfarlane 0-0: Swinging Strike
0-1: Ball
1-1: Ball
2-1: Ball
3-1: Fly out, F8 (Flyball, 8RD, EV 75.6 MPH)
Top of the 7th over - 5 runs, 6 hits, 0 errors, 3 left on base; Portland 11 - New Orleans 1
BOTTOM OF THE 7TH
New Orleans Brass batting - Pitching for Portland Stag : RHP Dave Burba
Now at 3B: Kevin Morgan
Batting: RHB Carmelo Martinez 0-0: Ball
1-0: Foul Ball, location: 2F
1-1: Ball
2-1: Ball
3-1: Foul Ball, location: 2F
3-2: Ground out 6-3 (Groundball, 6, EV 107.5 MPH)
Pinch Hitting: RHB Aaron Holbert 0-0: Ball
1-0: Ball
2-0: Called Strike
2-1: SINGLE (Groundball, 6MD, EV 102.5 MPH)
Batting: RHB Joe Oliver 0-0: Ground out 5-3 (Groundball, 56S, EV 66.3 MPH)
Aaron Holbert to second
Batting: SHB Wilson Delgado 0-0: Ball
1-0: Called Strike
1-1: Called Strike
1-2: Foul Ball, location: 2F
1-2: Strikes out looking
Bottom of the 7th over - 0 runs, 1 hit, 0 errors, 1 left on base; Portland 11 - New Orleans 1
TOP OF THE 8TH
Portland Stag batting - Pitching for New Orleans Brass : RHP Cris Carpenter
Now at 2B: Aaron Holbert
Batting: RHB Mike Mordecai 0-0: Called Strike
0-1: SINGLE (Flyball, 89S, EV 94.4 MPH)
Batting: RHB Chris Widger 0-0: Called Strike
0-1: SINGLE (Line Drive, 56D, EV 108.1 MPH)
Mike Mordecai to second
Batting: RHB Alex S Gonzalez 0-0: Called Strike
0-1: SINGLE (Line Drive, 9S, EV 111.9 MPH)
Mike Mordecai to third
Chris Widger to second
Pinch Hitting: LHB Hiroshi Shibahara 0-0: Ball
1-0: Ball
2-0: Fielders Choice at 2nd, 3-6 (Groundball, 3, EV 81.9 MPH)
Mike Mordecai scores
Chris Widger to third
Batting: RHB Kevin Morgan 0-0: Ball
1-0: Swinging Strike
1-1: Foul Ball, location: 2F
1-2: Strikes out swinging
Batting: RHB Wes Chamberlain 0-0: Called Strike
0-1: Fielders Choice at 2nd, 5-4 (Groundball, 5L, EV 79.4 MPH)
Top of the 8th over - 1 run, 3 hits, 0 errors, 2 left on base; Portland 12 - New Orleans 1
BOTTOM OF THE 8TH
New Orleans Brass batting - Pitching for Portland Stag : RHP Dave Burba
Now in RF: Hiroshi Shibahara
Batting: RHB Luis Ordaz 0-0: Ball
1-0: Ball
2-0: Called Strike
2-1: Foul Ball, location: 2F
2-2: Foul Ball, location: 2F
2-2: Ball
3-2: Base on Balls
Pinch Hitting: LHB Bill Selby 0-0: Called Strike
0-1: Foul Ball, location: 2F
0-2: Ball
1-2: SINGLE (Line Drive, 8RS, EV 104.4 MPH)
Luis Ordaz to second
Pitching: RHP Ron Blazier
Batting: SHB Ruben Sierra 0-0: 3-RUN HOME RUN (Flyball, 89XD, EV 104.4 MPH), Distance : 383 ft
Batting: RHB Scott Brosius 0-0: Ball
1-0: Called Strike
1-1: Foul Ball, location: 2F
1-2: Foul Ball, location: 2F
1-2: Ball
2-2: Foul Ball, location: 2F
2-2: Ball
3-2: SINGLE (Groundball, 6MD, EV 103.8 MPH)
Batting: SHB Jose L Cruz 0-0: Ball
1-0: Foul Ball, location: 2F
1-1: Ball
2-1: Foul Ball, location: 2F
2-2: Foul Ball, location: 2F
2-2: 2-RUN HOME RUN (Flyball, 9D, EV 95.6 MPH), Distance : 356 ft
Pitching: LHP Billy Brewer
Batting: RHB Carmelo Martinez 0-0: Ball
1-0: Fly out, F4 (Popup, 3S, EV 80.0 MPH)
Batting: RHB Aaron Holbert 0-0: Ball
1-0: Ball
2-0: Ball
3-0: Called Strike
3-1: SOLO HOME RUN (Flyball, 7D, EV 97.5 MPH), Distance : 369 ft
Batting: RHB Joe Oliver 0-0: Called Strike
0-1: SINGLE (Line Drive, 9S, EV 106.9 MPH)
Batting: SHB Wilson Delgado 0-0: Ball
1-0: SINGLE (Line Drive, 9S, EV 96.3 MPH)
Joe Oliver to second
Pitching: RHP Will Cunnane
Batting: RHB Luis Ordaz 0-0: Ball
1-0: Fielders Choice at 2nd, 4-6 (Groundball, 4, EV 90.0 MPH)
Joe Oliver to third
Batting: LHB Bill Selby 0-0: Ball
1-0: Called Strike
1-1: Swinging Strike
1-2: Ball
2-2: Foul Ball, location: 2F
2-2: Ground out 4-3 (Groundball, 4, EV 81.3 MPH)
Bottom of the 8th over - 6 runs, 7 hits, 0 errors, 2 left on base; Portland 12 - New Orleans 7
TOP OF THE 9TH
Portland Stag batting - Pitching for New Orleans Brass : RHP Cris Carpenter
Now in CF: Dante Powell
Batting: RHB Jeff Kunkel 0-0: Ball
1-0: Ball
2-0: Ball
3-0: Fly out, F7 (Flyball, 78D, EV 100.6 MPH)
Batting: LHB Mark P Johnson 0-0: Ball
1-0: Ball
2-0: Foul Ball, location: 2F
2-1: Fly out, F9 (Line Drive, 9, EV 89.4 MPH)
Batting: RHB Mike Macfarlane 0-0: Ball
1-0: Ball
2-0: Called Strike
2-1: Ball
3-1: Called Strike
3-2: DOUBLE (Line Drive, 9LD, EV 102.5 MPH)
Pitching: RHP Luis Aquino
Batting: RHB Mike Mordecai 0-0: Called Strike
0-1: Ground out 6-3 (Groundball, 6, EV 81.9 MPH)
Top of the 9th over - 0 runs, 1 hit, 0 errors, 1 left on base; Portland 12 - New Orleans 7
BOTTOM OF THE 9TH
New Orleans Brass batting - Pitching for Portland Stag : RHP Will Cunnane
Batting: SHB Ruben Sierra 0-0: Ball
1-0: Ground out 1-3 (Groundball, 34S, EV 83.1 MPH)
Batting: RHB Scott Brosius 0-0: Called Strike
0-1: Called Strike
0-2: Ball
1-2: Ball
2-2: Ground out 1-3 (Groundball, P, EV 81.3 MPH)
Batting: SHB Jose L Cruz 0-0: Ball
1-0: Ball
2-0: Called Strike
2-1: Foul Ball, location: 2F
2-2: Strikes out swinging
Bottom of the 9th over - 0 runs, 0 hits, 0 errors, 0 left on base; Portland 12 - New Orleans 7
Friday, January 23rd, 2026 - OOTP Baseball 20.8 Build 74